 Dungeon Crawl Stone Soup version 0.20-a0-3-g334f831 (webtiles) character file.

28772 dobroeutro the Fighter (level 13, -2/106 HPs)
             Began as a Demonspawn Gladiator on Oct 30, 2016.
             Was a High Priest of Makhleb.
             Shot with an arrow by Nessos (13 damage)
             ... on level 4 of the Lair of Beasts.
             The game lasted 00:37:28 (16689 turns).

dobroeutro the Fighter (Demonspawn Gladiator)      Turns: 16689, Time: 00:37:29

Health: -2/106     AC: 19    Str: 19    XL:     13   Next: 11%
Magic:  14/14      EV: 17    Int:  9    God:    Makhleb [*****.]
Gold:   1093       SH:  0    Dex: 18    Spells: 0 memorised, 12 levels left

rFire  . . .     SeeInvis +     a - +1 quarterstaff
rCold  . . .     Gourm    .     H - +3 scale mail "Kaymoi Iphe" {*Drain MR+ rCorr Dex+2}
rNeg   . . .     Faith    .     (shield currently unavailable)
rPois  +         Spirit   .     D - +1 hat {SInv}
rElec  .         Reflect  .     l - +1 cloak
rCorr  +         Harm     .     y - +0 pair of gloves
MR     +....                    (no boots)
Stlth  +.........               O - amulet of regeneration
                                E - ring of see invisible
                                p - ring of poison resistance

@: about to teleport, sanguine armour
A: hooves 2, horns 2, agile 1, blurry vision 1, deformed body, demonic guardian
2, dopey 1, low mp 1, mutation resistance 1, nightstalker 1, sanguine armour 1
a: Minor Destruction, Lesser Servant of Makhleb, Major Destruction, Greater
Servant of Makhleb, Renounce Religion


You were on level 4 of the Lair of Beasts.
You worshipped Makhleb.
Makhleb was extremely pleased with you.
You were not hungry.

You visited 3 branches of the dungeon, and saw 18 of its levels.

You collected 1093 gold pieces.

Inventory:

Hand Weapons
 a - a +1 quarterstaff (weapon)
Missiles
 d - 12 throwing nets (quivered)
Armour
 l - a +1 cloak (worn)
 m - a +0 helmet
 y - a +0 pair of gloves (worn)
 D - a +1 hat of see invisible (worn)
 H - the +3 scale mail "Kaymoi Iphe" (worn) {*Drain MR+ rCorr Dex+2}
   (You took it off an orc on level 5 of the Dungeon)

   It affects your dexterity (+2).
   It affects your resistance to hostile enchantments.
   It protects you from acid and corrosion.
   It causes draining when unequipped.
Jewellery
 b - a +5 ring of intelligence {unknown}
 c - an uncursed ring of wizardry {unknown}
 p - a ring of poison resistance (left hand)
 A - an uncursed ring of stealth
 E - a ring of see invisible (right hand)
 J - an uncursed amulet of faith {unknown}
 L - a +3 amulet of reflection {unknown}
 O - an amulet of regeneration (around neck)
 Q - a +6 ring of dexterity {unknown}
 U - a cursed amulet of inaccuracy {unknown}
 Y - an uncursed ring of resist corrosion {unknown}
Wands
 s - a wand of iceblast (7/15)
 G - a wand of teleportation (0/9)
 V - a wand of hasting (2/9)
 Z - a wand of lightning (2/15)
Scrolls
 e - 9 scrolls of remove curse
 k - 3 scrolls of blinking
 o - 4 scrolls of enchant armour
 r - 2 scrolls of enchant weapon
 t - 4 scrolls of noise
 u - 4 scrolls of immolation
 z - a scroll of recharging
 B - 7 scrolls of teleportation
 F - 2 scrolls of magic mapping
 N - a scroll of summoning
 R - 5 scrolls of identify
 T - a scroll of silence
Potions
 g - 2 potions of might
 h - 2 potions of magic {unknown}
 i - 3 potions of heal wounds {unknown}
 j - 3 potions of ambrosia
 n - 8 potions of flight
 q - a potion of resistance {unknown}
 x - 2 potions of berserk rage
 C - 2 potions of cancellation {unknown}
 M - 6 potions of curing
 P - 3 potions of agility {unknown}
 S - a potion of brilliance
 W - a potion of beneficial mutation {unknown}
Comestibles
 f - 15 bread rations
 v - 15 fruits
 w - 4 meat rations
 I - 3 beef jerkies
 K - a slice of pizza


   Skills:
 + Level 11.2 Fighting
 + Level 10.3 Staves
 - Level 1.7 Throwing
 + Level 10.4 Armour
 + Level 10.7 Dodging
 + Level 4.6 Invocations


You had 12 spell levels left.
You didn't know any spells.

Dungeon Overview and Level Annotations

Branches:
Dungeon (13/15)            Temple (1/1) D:7            Lair (4/6) D:10
 Shoals (0/4) Lair:2        Snake (0/4) Lair:3          Orc (0/2) D:11
 Vaults: D:13-14

Altars:
Ashenzari
Cheibriados
Dithmenos
Elyvilon
Fedhas
Gozag
Hepliaklqana
Kikubaaqudgha
Makhleb
Nemelex Xobeh
Okawaru
Qazlal
Ru
Sif Muna
Trog
Uskayaw
Vehumet
Xom
Yredelemnul
Zin
The Shining One

Shops:
D:11 (

Annotations:
D:13 exclusion: 2 ice statues
Lair:4 Nessos


Innate Abilities, Weirdness & Mutations

You have hoof-like feet.
A demonic guardian rushes to your aid.
You are slightly more attuned to the shadows.
When seriously injured, your bleeding wounds create armour. (AC +6)
You have a pair of horns on your head.
You are agile. (Dex +2)
Scrolls take you a little longer to read.
Armour fits poorly on your strangely shaped body.
You are dopey. (Int -2)
Your magical capacity is low. (-10% MP)
You are somewhat resistant to further mutation.


Message History

The arrow burns you.
* * * LOW HITPOINT WARNING * * *
Nessos shoots an arrow.
The arrow hits you!!
* * * LOW HITPOINT WARNING * * *
The arrow burns you.
* * * LOW HITPOINT WARNING * * *
You see here 7 arrows.
You feel sick.
You see here 3 arrows.
Okay, then.
Okay, then.
Evoke which item? (* to show all) (? for menu, Esc to quit)
Zapping:
G - a wand of teleportation {zapped: 3} (will waste charges)
Press: ? - help, Shift-Dir - straight line, f - you You feel strangely unstable.
Evoking this partially-identified wand wasted a few charges.
You feel better.
Nessos mumbles some strange words.
Nessos shoots an arrow.
The arrow hits you!
You die...

#...## #:.##
##...# ##..(.#
##....####
####..c...#.#
###.c....##.#.##
#.(.(#####.....#
#.....#.#@#
###.#.#
#..P#######
####.## P..
##.##.### #P
##P......##### #
.........#P#.##
...............
..............P
...............
........<......


You could see Nessos.

Vanquished Creatures
  Urug (D:12)
  4 unseen horrors
  A hill giant (D:8)
  2 black mambas
  The ghost of wazuzu the Slicer, a novice VSMo (D:6)
  3 spiny frogs
  An efreet (D:13)
  3 komodo dragons
  2 merfolk (Lair:2)
  A hornet (D:12)
  3 hippogriffs
  A two-headed ogre (D:8)
  3 blink frogs (Lair:2)
  Sigmund (D:5)
  3 wyverns
  11 yaks
  A wraith (D:10)
  Grum (D:8)
  A basilisk (Lair:2)
  2 nagas (Lair:3)
  2 soldier ants
  A mottled dragon (D:12)
  Duvessa (D:5)
  3 water moccasins
  8 orc warriors
  5 porcupines
  An eye of draining (D:12)
  2 black bears
  6 sky beasts
  3 ice beasts
  A hornet zombie (D:13)
  6 phantoms
  12 wolves
  4 ogres
  12 centaurs
  5 crocodiles
  4 big kobolds
  12 bullfrogs
  A gnoll sergeant (D:7)
  A wyvern zombie (D:9)
  Dowan (D:5)
  2 scorpions
  13 killer bees
  8 howler monkeys
  4 wights (D:8)
  2 electric eels
  2 bullfrog zombies
  3 crimson imps
  A centaur zombie (D:6)
  9 hounds
  3 gnoll shamans
  7 orc priests
  4 jellies
  A bullfrog skeleton (D:8)
  A centaur skeleton (D:7)
  5 iguanas
  5 worker ants
  4 hell rats (Lair:3)
  13 orc wizards
  A centaur simulacrum (D:8)
  A hound zombie (D:10)
  A hound skeleton (D:4)
  A worker ant zombie (D:8)
  19 gnolls
  10 adders
  A shadow imp (D:13)
  A white imp (D:8)
  An ufetubus (D:8)
  3 oozes
  2 adder zombies
  2 adder skeletons (D:4)
  2 worms
  2 dart slugs (D:3)
  3 leopard geckos
  47 orcs
  7 ball pythons
  3 giant cockroaches
  5 goblins
  13 hobgoblins
  4 jackals (D:5)
  14 kobolds
  5 quokkas
  6 bats
  5 frilled lizards
  2 leopard gecko zombies (D:6)
  A quokka skeleton (D:4)
  6 rats
  A spectral orc (D:3)
  A plant (D:7)
394 creatures vanquished.

Vanquished Creatures (collateral kills)
  Gastronok (Lair:2)
  Harold (D:12)
  4 hydras
  A tengu warrior (D:10)
  Sonja (Lair:1)
  A deep elf knight (D:12)
  3 hill giants
  A deep elf mage (D:12)
  A wolf spider zombie (D:13)
  2 orc knights (D:12)
  An ugly thing (D:11)
  A siren (Lair:2)
  A black mamba (Lair:2)
  A troll (D:9)
  A merfolk (Lair:2)
  A hornet (D:12)
  Prince Ribbit (Lair:2)
  3 blink frogs (Lair:2)
  A hippogriff (D:6)
  2 yaks (Lair:2)
  4 vampire mosquitoes
  2 nagas (Lair:3)
  A water moccasin (Lair:2)
  An ice beast (D:8)
  An orc warrior (D:8)
  An ogre (D:7)
  A centaur (D:7)
  A wolf (D:7)
  2 crocodiles (Lair:2)
  A bullfrog (D:8)
  A wyvern zombie (D:13)
  2 killer bees (D:12)
  2 howler monkeys (D:12)
  2 hounds
  A jelly (D:12)
  An orc priest (D:7)
  4 orc wizards
  A gnoll (D:7)
  An adder (D:12)
  2 orcs (D:9)
  2 hobgoblins (D:7)
  4 kobolds
67 creatures vanquished.

Vanquished Creatures (others)
  2 fungi (Lair:2)
  A plant (Lair:2)
3 creatures vanquished.

Grand Total: 464 creatures vanquished

Notes
Turn   | Place    | Note
-------+----------+-------------------------------------------
     0 | D:1      | dobroeutro the Demonspawn Gladiator began the quest for the Orb.
     0 | D:1      | Reached XP level 1. HP: 16/16 MP: 1/1
   170 | D:1      | Gained mutation: You have large cloven feet. [demonic ancestry]
   170 | D:1      | Reached XP level 2. HP: 22/22 MP: 2/2
   190 | D:1      | Reached skill level 1 in Armour
   867 | D:2      | Gained mutation: When seriously injured, your bleeding wounds create armour. (AC +6) [demonic ancestry]
   867 | D:2      | Reached XP level 3. HP: 25/27 MP: 3/3
  1649 | D:3      | Reached XP level 4. HP: 25/34 MP: 4/4
  1975 | D:3      | Reached XP level 5. HP: 29/40 MP: 5/5
  2511 | D:3      | Found a basalt altar of Yredelemnul.
  2647 | D:4      | Reached skill level 3 in Fighting
  2660 | D:4      | Got a ripped robe
  2684 | D:4      | Identified the cursed +1 robe of the Pit {Regen+ Int+3} (You found it on level 4 of the Dungeon)
  2735 | D:4      | Found a faded altar of an unknown god.
  2735 | D:4      | Found a glowing silver altar of Zin.
  2742 | D:4      | Found a faded altar of an unknown god.
  2744 | D:4      | Found a faded altar of an unknown god.
  2746 | D:4      | Found a faded altar of an unknown god.
  2877 | D:4      | Reached XP level 6. HP: 47/47 MP: 6/6
  3233 | D:4      | Reached skill level 4 in Fighting
  3346 | D:5      | Entered Level 5 of the Dungeon
  3372 | D:5      | Gained mutation: You have hoof-like feet. [demonic ancestry]
  3372 | D:5      | Reached XP level 7. HP: 53/54 MP: 7/7
  3376 | D:5      | Noticed Sigmund
  3514 | D:5      | Noticed Duvessa
  3514 | D:5      | Noticed Dowan
  3532 | D:5      | Killed Duvessa
  3534 | D:5      | Killed Dowan
  3627 | D:5      | Killed Sigmund
  3661 | D:5      | Found a white marble altar of Elyvilon.
  3666 | D:5      | Found an ancient bone altar of Kikubaaqudgha.
  3666 | D:5      | Found a sparkling altar of Nemelex Xobeh.
  3844 | D:5      | Reached skill level 5 in Fighting
  3864 | D:5      | Reached XP level 8. HP: 36/62 MP: 8/8
  3896 | D:5      | Reached skill level 5 in Dodging
  3907 | D:5      | Found a deep blue altar of Sif Muna.
  3918 | D:5      | Got a crude scale mail
  3934 | D:5      | Identified the +3 scale mail "Kaymoi Iphe" {*Drain MR+ rCorr Dex+2} (You took it off an orc on level 5 of the Dungeon)
  4028 | D:5      | Reached skill level 5 in Staves
  4939 | D:6      | Found a blossoming altar of Fedhas.
  5008 | D:6      | Reached skill level 6 in Fighting
  5008 | D:6      | Reached skill level 5 in Armour
  5154 | D:6      | Noticed wazuzu's ghost (novice VSMo)
  5189 | D:6      | Killed wazuzu's ghost
  5196 | D:6      | Gained mutation: A weak demonic guardian rushes to your aid. [demonic ancestry]
  5196 | D:6      | Reached XP level 9. HP: 37/69 MP: 9/9
  5436 | D:6      | Found a shattered altar of Ashenzari.
  6556 | D:7      | Reached skill level 7 in Fighting
  6569 | D:7      | Gained mutation: You are frail. (-10% HP) [mutagenic meat]
  6570 | D:7      | Gained mutation: Your magical capacity is low. (-10% MP) [mutagenic meat]
  6884 | D:7      | Found a staircase to the Ecumenical Temple.
  7742 | Temple   | Entered the Ecumenical Temple
  7781 | Temple   | Became a worshipper of Makhleb the Destroyer
  7968 | D:7      | Reached XP level 10. HP: 72/72 MP: 9/9
  7973 | D:7      | Gained mutation: Your spells are a little easier to cast, but a little less powerful. [mutagenic meat]
  7974 | D:7      | Gained mutation: You are somewhat resistant to further mutation. [mutagenic meat]
  7977 | D:7      | Gained mutation: You are dopey. (Int -2) [mutagenic meat]
  8159 | D:7      | Gained mutation: Armour fits poorly on your strangely shaped body. [mutagenic meat]
  8164 | D:7      | Lost mutation: Your spells are a little easier to cast, but a little less powerful. [mutagenic meat]
  8646 | D:8      | Noticed a hill giant
  8800 | D:8      | Reached * piety under Makhleb
  8800 | D:8      | Reached skill level 8 in Fighting
  9112 | D:8      | Noticed Grum
  9120 | D:8      | Killed Grum
  9164 | D:8      | You fall through a shaft for 2 floors!
  9164 | D:10     | Entered Level 10 of the Dungeon
  9620 | D:9      | Found an iron altar of Okawaru.
  9642 | D:9      | Found a stormy altar of Qazlal.
  9801 | D:9      | Reached ** piety under Makhleb
  9829 | D:9      | Found a glowing golden altar of the Shining One.
  9850 | D:9      | Found an opulent altar of Gozag.
 10219 | D:8      | Killed a hill giant
 10319 | D:8      | Gained mutation: A demonic guardian rushes to your aid. [demonic ancestry]
 10319 | D:8      | Reached XP level 11. HP: 36/78 MP: 9/9
 10441 | D:8      | Noticed a hill giant
 10466 | D:8      | Killed a hill giant
 10466 | D:8      | Reached skill level 9 in Fighting
 10750 | D:8      | Gained mutation: Scrolls take you a little longer to read. [mutagenic meat]
 10904 | D:10     | Noticed a hill giant
 10905 | D:10     | Noticed an unseen horror
 10909 | D:10     | Killed a hill giant
 10948 | D:10     | Killed an unseen horror
 11381 | D:10     | Noticed a tengu warrior
 11387 | D:10     | Killed a tengu warrior
 11438 | D:10     | Found a staircase to the Lair.
 11645 | D:11     | Found Puebruh's Weapon Emporium.
 11646 | D:11     | Found a staircase to the Orcish Mines.
 11824 | D:11     | Gained mutation: You have a pair of small horns on your head. [mutagenic meat]
 11827 | D:11     | Lost mutation: You are frail. (-10% HP) [mutagenic meat]
 11961 | D:11     | Reached *** piety under Makhleb
 12314 | D:12     | Noticed an unseen horror
 12346 | D:12     | Killed an unseen horror
 12359 | D:12     | Noticed a hill giant
 12379 | D:12     | Noticed a white ugly thing
 12386 | D:12     | Killed a hill giant
 12410 | D:11     | Killed a white ugly thing
 12423 | D:11     | Gained mutation: You have a pair of horns on your head. [mutagenic meat]
 12424 | D:11     | Gained mutation: You are agile. (Dex +2) [mutagenic meat]
 12565 | D:12     | Noticed a five-headed hydra
 12573 | D:12     | Killed a five-headed hydra
 12682 | D:12     | Noticed an unseen horror
 12707 | D:12     | Killed an unseen horror
 12887 | D:12     | Noticed an orc knight
 12900 | D:12     | Killed an orc knight
 12908 | D:12     | Noticed Harold
 12913 | D:12     | Noticed an orc knight
 12913 | D:12     | Killed Harold
 12920 | D:12     | Noticed Urug
 12921 | D:12     | Killed an orc knight
 12922 | D:12     | Noticed a deep elf knight
 12927 | D:12     | Killed a deep elf knight
 12927 | D:12     | Reached skill level 10 in Fighting
 12928 | D:12     | Noticed an enchanted great sword
 12934 | D:12     | Killed Urug
 13003 | D:12     | Noticed an unseen horror
 13029 | D:12     | Killed an unseen horror
 13040 | D:12     | Gained mutation: You are slightly more attuned to the shadows. [demonic ancestry]
 13040 | D:12     | Reached XP level 12. HP: 70/97 MP: 10/10
 13166 | D:12     | Reached **** piety under Makhleb
 13409 | D:13     | Found a deep blue altar of Sif Muna.
 13920 | Lair:1   | Entered Level 1 of the Lair of Beasts
 13965 | Lair:1   | Found a blossoming altar of Fedhas.
 13976 | Lair:1   | Noticed Sonja
 13978 | Lair:1   | Reached skill level 10 in Dodging
 14007 | Lair:1   | Killed Sonja
 14637 | Lair:2   | Noticed Gastronok
 14644 | Lair:2   | Killed Gastronok
 14718 | Lair:2   | Found a staircase to the Shoals.
 14891 | Lair:2   | Reached skill level 10 in Armour
 14930 | Lair:2   | Noticed Prince Ribbit
 14936 | Lair:2   | Killed Prince Ribbit
 14963 | Lair:2   | Reached skill level 10 in Staves
 14963 | Lair:2   | Reached skill level 1 in Invocations
 15002 | Lair:2   | Noticed an eight-headed hydra
 15021 | Lair:2   | Killed an eight-headed hydra
 15021 | Lair:2   | Reached skill level 11 in Fighting
 15037 | Lair:2   | Reached ***** piety under Makhleb
 15077 | Lair:2   | Noticed a five-headed hydra
 15091 | Lair:2   | Killed a five-headed hydra
 15227 | Lair:2   | Found a shimmering altar of Xom.
 15645 | Lair:2   | Reached XP level 13. HP: 90/106 MP: 14/14
 16070 | Lair:3   | Found a staircase to the Snake Pit.
 16666 | Lair:4   | Noticed Nessos
 16686 | Lair:4   | HP: 3/106 [Nessos/arrow (4)]
 16689 | Lair:4   | Shot with an arrow by Nessos

Vault maps used:
D:1:      ncdulo_smallfort
D:2:      patterned_corridor
D:3:      yredelemnul_forgotten_temple_becter, first_bread
D:4:      chequers_temple_overflow_minitemple, nrook_mini_vaults
D:5:      overflow_temple_1_default, gammafunk_temple_overflow_forgotten,
          uniq_sigmund, uniq_duvessa
D:6:      ashenzari_conservatory_becter, lemuel_round_altar
D:7:      kennysheep_housing_project
D:8:      kennysheep_windowed_halls, serial_ice, serial_ice_j, serial_ice_b,
          serial_ice_e, serial_ice_c, uniq_grum
D:9:      nicolae_overflow_quartered_altars
D:10:     lair_0_dummy, grunt_tengu_nest
D:11:     orc_david_3
D:12:     cheibrodos_quadrivalence, sword_in_stone
D:13:     basic_altar, minmay_more_statues
Temple:   jpeg_temple_island
Lair:1:   basic_altar, uniq_sonja
Lair:2:   elwin_shoals_entry_stream, basic_altar, uniq_gastronok, uniq_urug,
          uniq_prince_ribbit2
Lair:3:   minmay_snake_entry_guardpost_medium
Lair:4:   dpeg_oklob_gauntlet, serial_bayou_shore_b, uniq_nessos

Skill      XL: |  1  2  3  4  5  6  7  8  9 10 11 12 13 |
---------------+----------------------------------------+-----
Armour         | 1 2 3 4 5 6 7 9 10 | 10.4
Staves         | 3 4 5 6 8 9 10 | 10.3
Dodging        | 3 4 5 7 8 9 10 | 10.7
Fighting       | 3 4 5 6 7 8 10 11 | 11.2
Invocations    | 3 4 |  4.6
Throwing       | |  1.7

Action                   |  1- 3 |  4- 6 |  7- 9 | 10-12 | 13-15 || total
-------------------------+-------+-------+-------+-------+-------++-------
Melee: Quarterstaff      |    78 |   204 |   705 |  1168 |    90 ||  2245
       Kick              |    15 |    48 |   263 |   437 |    28 ||   791
       Headbutt          |       |       |       |   142 |    30 ||   172
       Unarmed           |       |       |       |    14 |       ||    14
Invok: Minor Destruction |       |       |       |     1 |       ||     1
Evoke: Wand              |       |       |       |     1 |     1 ||     2
  Use: Potion            |       |     5 |       |     3 |     1 ||     9
       Scroll            |       |       |     1 |    16 |       ||    17
 Stab: Sleeping          |       |     1 |     1 |       |       ||     2
       Distracted        |       |       |     1 |     2 |       ||     3
  Eat: Chunk             |     2 |     6 |    15 |    34 |       ||    57
       Bread ration      |       |       |     1 |     2 |       ||     3
       Royal jelly       |       |       |     1 |       |       ||     1
       Meat ration       |       |       |       |     1 |     1 ||     2
       Pizza             |       |       |       |     1 |       ||     1
Armor: Leather armour    |    23 |    39 |       |       |       ||    62
       Skin              |       |     3 |       |       |       ||     3
       Robe              |       |    37 |    19 |       |       ||    56
       Scale mail        |       |       |   259 |   465 |    24 ||   748
Dodge: Dodged            |    42 |   125 |   458 |  1022 |    87 ||  1734
